 Dungeon Crawl Stone Soup version 0.22.1-1-ga44c0e5 (webtiles) character file.

12320 Garbasso the Fighter (level 11, -11/117 HPs)
             Began as an Ogre Venom Mage on Oct 11, 2018.
             Was an Elder of Vehumet.
             Mangled by a frost giant
             ... wielding a +0 battleaxe of freezing
              (35 damage)
             ... in an ice cave.
             The game lasted 00:55:52 (11989 turns).

Garbasso the Fighter (Ogre Venom Mage)             Turns: 11989, Time: 00:55:52

Health: -11/117    AC:  4    Str: 14    XL:     11   Next: 91%
Magic:  34/36      EV: 13    Int: 25    God:    Vehumet [****..]
Gold:   181        SH:  0    Dex:  9    Spells: 4/24 levels left

rFire    . . .     SeeInvis .   C - staff of power
rCold    + . .     Gourm    .   (no shield)
rNeg     . . .     Faith    .   a - +1 robe
rPois    .         Spirit   .   (helmet restricted)
rElec    .         Reflect  .   (no cloak)
rCorr    .         Harm     .   (gloves unavailable)
MR       +....                  (boots unavailable)
Stlth    +.........             (no amulet)
HPRegen  0.29/turn              D - +6 ring of intelligence
MPRegen  0.25/turn              F - ring of protection from cold

@: no status effects
A: large, unfitting armour, tough skin 1
a: Renounce Religion


You were in an ice cave.
You worshipped Vehumet.
Vehumet was greatly pleased with you.
You were not hungry.

You visited 3 branches of the dungeon, and saw 10 of its levels.
You also visited: Ice Cave.

You collected 372 gold pieces.
You spent 191 gold pieces at shops.

Inventory:

Hand Weapons
 t - a +0 dagger of electrocution
 G - a +2 falchion of holy wrath
Missiles
 w - 2 throwing nets (quivered)
 y - 37 stones
Armour
 a - a +1 robe (worn)
Magical Staves
 C - an uncursed staff of power (weapon)
Jewellery
 x - an uncursed ring of poison resistance
 A - an uncursed ring of resist corrosion
 B - an uncursed ring of magical power
 D - a +6 ring of intelligence (left hand)
 F - a ring of protection from cold (right hand)
Wands
 o - a wand of iceblast (10)
 v - a wand of clouds (4)
 E - a wand of polymorph (13)
 I - a wand of flame (28)
Scrolls
 d - 3 scrolls of amnesia
 e - a scroll of enchant weapon {unknown}
 f - a scroll of acquirement {unknown}
 h - 4 scrolls of remove curse
 i - a scroll of enchant armour
 j - 3 scrolls of fog
 l - 7 scrolls of teleportation
 J - 2 scrolls of blinking {unknown}
 K - a scroll of brand weapon {unknown}
 M - a scroll of holy word {unknown}
Potions
 b - 2 potions of mutation
 g - 2 potions of might
 k - a potion of heal wounds
 m - 2 potions of curing
 n - a potion of haste
 p - 4 potions of flight
 q - a potion of cancellation
 r - a potion of degeneration {unknown}
 s - 2 potions of berserk rage
 u - a potion of agility
 z - 2 potions of resistance
 L - a potion of invisibility {unknown}
Comestibles
 c - 23 rations
 H - 13 chunks of flesh


   Skills:
 - Level 10.0 Fighting
 + Level 7.7 Dodging
 - Level 1.4 Stealth
 + Level 7.1 Spellcasting
 - Level 4.0 Conjurations
 - Level 10.0 Earth Magic
 - Level 7.0 Poison Magic


You had 4 spell levels left.
You knew the following spells:

 Your Spells              Type           Power        Failure   Level  Hunger
a - Sandblast             Erth           ######       1%          1    None
b - Poisonous Vapours     Pois/Air       ####..       2%          2    None
c - Mephitic Cloud        Conj/Pois/Air  ####....     1%          3    None
d - Olgreb's Toxic Radia  Pois           #####...     1%          4    ###....
e - Lee's Rapid Deconstr  Erth           ######....   1%          5    #####..
f - Inner Flame           Hex/Fire       #.......     5%          3    None
g - Passwall              Tmut/Erth      ####....     1%          2    None

Your spell library contained the following spells:

 Spells                   Type           Power        Failure   Level  Hunger
 Throw Icicle             Conj/Ice       ###.....     8%          4    ###....
 Sting                    Conj/Pois      ####         1%          1    None
 Stone Arrow              Conj/Erth      #####.       1%          3    None
 Animate Skeleton         Necr           N/A          7%          1    None
 Apportation              Tloc           #.....       7%          1    None
 Confusing Touch          Hex            #.....       7%          1    None
 Pain                     Necr           #...         7%          1    None
 Summon Small Mammal      Summ           #...         7%          1    None
 Petrify                  Tmut/Erth      ####....     9%          4    ###....
 Regeneration             Chrm/Necr      #.........   21%         3    None
 Vampiric Draining        Necr           #.........   21%         3    None
 Animate Dead             Necr           N/A          54%         4    ###....
 Venom Bolt               Conj/Pois      #####.....   5%          5    #####..


Dungeon Overview and Level Annotations

Branches:
Dungeon (8/15)             Temple (1/1) D:7            Lair (1/6) D:8

Altars:
Dithmenos
Elyvilon
Fedhas
Okawaru
Qazlal
Ru
Uskayaw
Vehumet
Xom
Yredelemnul
The Shining One
Beogh

Shops:
D:8 ?=*

Annotations:
D:3 3 runed doors, rabbit's ghost, amateur MiBe


Innate Abilities, Weirdness & Mutations

You are too large for most types of armour.
You have tough skin. (AC +1)


Message History

The frost giant is engulfed in noxious fumes.
The frost giant points at you and mumbles some strange words.
The bolt of cold hits you! You resist.
You're too confused to move!
You are engulfed in noxious fumes.
You choke on the stench!
You are more confused.
The frost giant is engulfed in noxious fumes.
The frost giant points at you and mumbles some strange words.
The bolt of cold misses you.
You're too confused to move!
The frost giant is engulfed in noxious fumes.
The frost giant hits you with a battleaxe of freezing!!!
* * * LOW HITPOINT WARNING * * *
The frost giant freezes you.
* * * LOW HITPOINT WARNING * * *
You feel much better.
You feel less confused.
The frost giant is engulfed in noxious fumes.
The frost giant hits you with a battleaxe of freezing!!
You die...

## ##h# ###
#.Y.#### ##.##
|$#YhC.#.#
##.#.#
#..Yhh.#C##
##.#.##
#..#.## #.####
##.##C# #..#
#####@##
##..##
##..#.##
##....#
#...#..#
#.....##
##.##...#
##..#...#
#..###⌠.#
#..###..##
#.###..####.##
##..# #..#####
#..# ##.#
###...## ##..#
##.# #..#...#
#..## #.##


You could see a frost giant.

Vanquished Creatures
  2 death yaks (IceCv)
  An ice statue (IceCv)
  A spiny frog (Lair:1)
  Grinder (D:3)
  7 polar bears (IceCv)
  A hippogriff (Lair:1)
  Sigmund (D:3)
  A spriggan (D:7)
  2 basilisks
  24 yaks
  A hungry ghost (D:7)
  3 water moccasins (Lair:1)
  4 porcupines (D:8)
  3 orc warriors
  2 ice beasts
  A phantom (D:6)
  3 ogres
  17 wolves (IceCv)
  4 crocodiles (D:8)
  2 big kobolds
  5 bullfrogs
  5 killer bees (D:4)
  2 jellies
  2 bullfrog zombies
  A centaur zombie (D:8)
  2 bullfrog skeletons
  2 hounds
  9 orc wizards
  2 centaur skeletons
  5 orc priests
  2 worker ants
  2 hound skeletons (D:5)
  A worker ant zombie (D:6)
  A howler monkey skeleton (D:5)
  4 gnolls (D:8)
  11 adders
  5 shadow imps
  12 white imps (Lair:1)
  4 oozes
  4 worms
  2 dart slugs (D:1)
  3 leopard geckos
  32 orcs
  9 bats
  3 giant cockroaches
  8 goblins
  6 hobgoblins
  10 jackals
  3 quokkas
  2 ball pythons
  9 frilled lizards
  19 kobolds
  A leopard gecko skeleton (D:5)
  2 quokka skeletons
  2 quokka zombies
  11 rats
284 creatures vanquished.

Vanquished Creatures (others)
  2 fungi (D:3)
  A plant (D:8)
3 creatures vanquished.

Grand Total: 287 creatures vanquished

Notes
Turn   | Place    | Note
-------+----------+-------------------------------------------
     0 | D:1      | Garbasso the Ogre Venom Mage began the quest for the Orb.
     0 | D:1      | Reached XP level 1. HP: 16/16 MP: 3/3
   223 | D:1      | Reached XP level 2. HP: 13/26 MP: 1/5
   227 | D:1      | Learned a level 2 spell: Poisonous Vapours
   234 | D:1      | Reached skill level 1 in Fighting
   520 | D:1      | Reached XP level 3. HP: 22/33 MP: 7/7
  1193 | D:1      | Learned a level 3 spell: Mephitic Cloud
  1453 | D:2      | Found an iron altar of Okawaru.
  1643 | D:2      | Reached XP level 4. HP: 42/42 MP: 8/8
  2045 | D:3      | Found a blossoming altar of Fedhas.
  2070 | D:3      | Noticed Sigmund
  2376 | D:2      | Reached XP level 5. HP: 36/50 MP: 5/10
  2463 | D:3      | Found a runed gate.
  2463 | D:3      | Found a runed gate.
  2463 | D:3      | Found a runed gate.
  2464 | D:3      | Noticed rabbit's ghost (amateur MiBe)
  2512 | D:3      | Noticed Grinder
  2685 | D:3      | Killed Grinder
  2685 | D:3      | Reached skill level 5 in Poison Magic
  2685 | D:3      | Reached XP level 6. HP: 4/62 MP: 10/12
  3128 | D:3      | Killed Sigmund
  3128 | D:3      | Reached XP level 7. HP: 69/71 MP: 1/14
  3453 | D:3      | Learned a level 4 spell: Olgreb's Toxic Radiance
  3769 | D:3      | Found a roughly hewn altar of Beogh.
  3985 | D:4      | Reached skill level 5 in Fighting
  3985 | D:4      | Reached skill level 5 in Spellcasting
  4517 | D:4      | Reached XP level 8. HP: 81/81 MP: 8/16
  4963 | D:4      | Found a radiant altar of Vehumet.
  4966 | D:4      | Became a worshipper of Vehumet
  4991 | D:5      | Entered Level 5 of the Dungeon
  5201 | D:5      | Found a white marble altar of Elyvilon.
  5577 | D:5      | Found an iron altar of Okawaru.
  5578 | D:5      | Found a shadowy altar of Dithmenos.
  5581 | D:5      | Found a sacrificial altar of Ru.
  5839 | D:5      | Learned a level 1 spell: Sandblast
  6466 | D:6      | Reached * piety under Vehumet
  6466 | D:6      | Offered knowledge of Flame Tongue by Vehumet.
  6612 | D:6      | Reached skill level 1 in Earth Magic
  6931 | D:6      | Found a glowing golden altar of the Shining One.
  7111 | D:7      | Noticed an enchanted hand axe
  7112 | D:7      | Noticed a dagger
  7113 | D:7      | Found a hide-covered altar of Uskayaw.
  7231 | D:7      | Found a staircase to the Ecumenical Temple.
  7272 | D:7      | Reached XP level 9. HP: 43/92 MP: 16/18
  7289 | Temple   | Entered the Ecumenical Temple
  7658 | D:7      | Found a shimmering altar of Xom.
  7916 | D:7      | Reached skill level 1 in Conjurations
  7956 | D:7      | Offered knowledge of Searing Ray by Vehumet.
  8244 | D:7      | Found a stormy altar of Qazlal.
  8653 | D:8      | Found a shadowy altar of Dithmenos.
  8730 | D:8      | Reached ** piety under Vehumet
  8890 | D:8      | Reached skill level 5 in Earth Magic
  9016 | D:8      | Found Bulat's General Store.
  9050 | D:8      | Bought a scroll of identify for 26 gold pieces
  9141 | D:8      | Learned a level 5 spell: Lee's Rapid Deconstruction
  9185 | D:8      | Reached XP level 10. HP: 40/106 MP: 12/19
  9263 | D:8      | Found a staircase to the Lair.
  9287 | D:8      | Offered knowledge of Static Discharge by Vehumet.
  9808 | D:8      | Found Mad Gasa's Magic Scroll Emporium.
  9826 | D:8      | Found Rutwow's Jewellery Boutique.
  9831 | D:8      | Reached *** piety under Vehumet
  9840 | D:8      | Bought a scroll of identify for 22 gold pieces
  9840 | D:8      | Bought a scroll of identify for 22 gold pieces
  9840 | D:8      | Bought 3 scrolls of teleportation for 99 gold pieces
  9840 | D:8      | Bought a scroll of identify for 22 gold pieces
 10030 | Lair:1   | Entered Level 1 of the Lair of Beasts
 10052 | Lair:1   | Reached skill level 5 in Dodging
 10170 | Lair:1   | Noticed a spiny frog
 10196 | Lair:1   | Offered knowledge of Inner Flame by Vehumet.
 10202 | Lair:1   | Killed a spiny frog
 10212 | Lair:1   | Learned a level 3 spell: Inner Flame
 10340 | Lair:1   | Found a frozen archway.
 10438 | IceCv    | Entered an ice cave
 10554 | IceCv    | Reached skill level 10 in Fighting
 10555 | IceCv    | Reached **** piety under Vehumet
 10570 | IceCv    | Reached XP level 11. HP: 77/117 MP: 20/20
 10862 | IceCv    | Offered knowledge of Throw Icicle by Vehumet.
 10943 | IceCv    | Noticed a death yak
 10962 | IceCv    | Killed a death yak
 11594 | IceCv    | Learned a level 2 spell: Passwall
 11798 | IceCv    | Noticed a death yak
 11809 | IceCv    | Reached skill level 10 in Earth Magic
 11810 | IceCv    | Killed a death yak
 11974 | IceCv    | Noticed a frost giant
 11988 | IceCv    | HP: 3/117 [frost giant/battleaxe of freezing (3)]
 11989 | IceCv    | Mangled by a frost giant

Skill      XL: |  1  2  3  4  5  6  7  8  9 10 11 |
---------------+----------------------------------+-----
Poison Magic   | 3 4 5 6 7 |  7.0
Fighting       | 1 2 3 4 5 6 8 10 | 10.0
Spellcasting   | 3 4 5 6 7 |  7.1
Earth Magic    | 2 5 7 10 | 10.0
Dodging        | 2 4 5 7 |  7.7
Conjurations   | 2 4 |  4.0
Stealth        | |  1.4

Action                   |  1- 3 |  4- 6 |  7- 9 | 10-12 || total
-------------------------+-------+-------+-------+-------++-------
Melee: Unarmed           |    11 |       |       |       ||    11
       Short sword       |    52 |    80 |    18 |       ||   150
       Dagger            |       |       |   196 |       ||   196
       Falchion          |       |       |     5 |     6 ||    11
       Staff             |       |       |       |    37 ||    37
Throw: Throwing net      |       |       |     2 |       ||     2
 Cast: Sting             |    12 |     1 |       |       ||    13
       Poisonous Vapours |    16 |    29 |    51 |    34 ||   130
       Mephitic Cloud    |       |     5 |    18 |    34 ||    57
       Olgreb's Toxic Ra |       |       |    22 |    34 ||    56
       Sandblast         |       |       |    62 |    41 ||   103
       Lee's Rapid Decon |       |       |       |    21 ||    21
       Inner Flame       |       |       |       |     1 ||     1
  Use: Potion            |       |     1 |       |     2 ||     3
       Scroll            |       |       |    15 |     3 ||    18
 Stab: Sleeping          |     4 |     1 |     1 |       ||     6
       Confused          |       |     1 |     1 |     2 ||     4
  Eat: Chunk             |     3 |     5 |    24 |    18 ||    50
       Ration            |       |       |     1 |       ||     1
Armor: Robe              |    13 |    33 |    60 |    11 ||   117
Dodge: Dodged            |    35 |    51 |   125 |    47 ||   258
       Rpst.: Falchion   |       |       |       |     1 ||     1
